A - U25
WEST VIRGINIA POWER @ GREENVILLE DRIVE
08/21/2052
 
TOP OF THE 1ST
Bowling Green Hot Rods batting - Pitching for Columbus Catfish : RHP Rusty Montero
Pitching: RHP Rusty Montero
Batting: RHB Jeff Fulbright 0-0: Ground out 3-1 (Groundball, 13, EV 84.4 MPH)
Batting: RHB B.J. Johnson 0-0: Ball
1-0: Ball
2-0: Ball
3-0: Called Strike
3-1: Ground out 4-3 (Groundball, 4, EV 92.5 MPH)
Batting: RHB J.C. Madrigal 0-0: Ball
1-0: Called Strike
1-1: Ball
2-1: Foul Ball, location: 2F
2-2: Ball
3-2: Foul Ball, location: 2F
3-2: Fly out, F7 (Flyball, 78M, EV 90.6 MPH)
Top of the 1st over - 0 runs, 0 hits, 0 errors, 0 left on base; Bowling Green 0 - Columbus 0
BOTTOM OF THE 1ST
Columbus Catfish batting - Pitching for Bowling Green Hot Rods : RHP Logan Peterson
Pitching: RHP Logan Peterson
Batting: LHB Ted Madison 0-0: Reached via error on a dropped throw from 1B, E1 (Groundball, 34S, EV 86.9 MPH)
Batting: RHB Alexis Prieto 0-0: Ball
1-0: Foul Ball, location: 2F
1-1: Foul Ball, location: 2F
1-2: Ball
2-2: Foul Ball, location: 2F
2-2: Ball
3-2: Fly out, F9 (Line Drive, 9, EV 88.8 MPH)
Batting: RHB Andrew Marino 0-0: Ball
1-0: 2-RUN HOME RUN (Flyball, 78XD, EV 99.4 MPH), Distance : 380 ft
Batting: RHB Jim Howell 0-0: Ball
1-0: Ground out 3-1 (Groundball, 34, EV 109.4 MPH)
Batting: LHB Andrés Peraza 0-0: Called Strike
0-1: Swinging Strike
0-2: Foul Ball, location: 2F
0-2: Strikes out swinging
Bottom of the 1st over - 2 runs, 1 hit, 1 error, 0 left on base; Bowling Green 0 - Columbus 2
TOP OF THE 2ND
Bowling Green Hot Rods batting - Pitching for Columbus Catfish : RHP Rusty Montero
Batting: LHB Josh Lagana 0-0: Ball
1-0: Called Strike
1-1: Ball
2-1: Ball
3-1: Base on Balls
Batting: RHB Mike Radkowski 0-0: Ball
Wild Pitch!
Josh Lagana to second
1-0: Swinging Strike
1-1: Ball
2-1: Swinging Strike
2-2: Strikes out looking
Batting: RHB Josh Dunn 0-0: Ball
1-0: Ball
2-0: Ball
3-0: Called Strike
3-1: Base on Balls
Batting: LHB Jace Jones 0-0: Ball
1-0: Called Strike
1-1: Fly out, F8 (Flyball, 8LM, EV 85.6 MPH)
Batting: SHB Thad Stecher 0-0: Foul Ball, location: 2F
0-1: Foul Ball, location: 2F
0-2: Fly out, F7 (Flyball, 7, EV 90.0 MPH)
Top of the 2nd over - 0 runs, 0 hits, 0 errors, 2 left on base; Bowling Green 0 - Columbus 2
BOTTOM OF THE 2ND
Columbus Catfish batting - Pitching for Bowling Green Hot Rods : RHP Logan Peterson
Batting: RHB Donnie McKinney 0-0: Called Strike
0-1: Ball
1-1: SINGLE (Groundball, 56D, EV 104.4 MPH)
Batting: LHB Brooks Goff 0-0: Swinging Strike
0-1: Swinging Strike
0-2: Ball
1-2: Ball
2-2: Strikes out swinging
Batting: SHB Erik Anaya 0-0: Ball
1-0: Fielders Choice at 2nd, 4-6 (Groundball, 4, EV 78.1 MPH)
Batting: RHB Rod Huang 0-0: Ball
1-0: Called Strike
1-1: Ball
2-1: TRIPLE (Line Drive, 89XD, EV 101.9 MPH)
Erik Anaya scores
Batting: LHB Ted Madison 0-0: Ball
1-0: Ball
2-0: Ball
3-0: Called Strike
3-1: Base on Balls
Batting: RHB Alexis Prieto Pickoff Throw to First - Error! E1
Rod Huang scores
Ted Madison to second
0-0: Ball
1-0: Foul Ball, location: 2F
1-1: TRIPLE (Line Drive, 89XD, EV 103.1 MPH)
Ted Madison scores
Batting: RHB Andrew Marino 0-0: Called Strike
0-1: SINGLE (Groundball, 34D, EV 99.4 MPH)
Alexis Prieto scores
Batting: RHB Jim Howell 0-0: Fielders Choice at 2nd, U4 (Groundball, 4M, EV 85.6 MPH)
Bottom of the 2nd over - 4 runs, 4 hits, 1 error, 1 left on base; Bowling Green 0 - Columbus 6
TOP OF THE 3RD
Bowling Green Hot Rods batting - Pitching for Columbus Catfish : RHP Rusty Montero
Batting: RHB Lon Jennings 0-0: Ball
1-0: Called Strike
1-1: Called Strike
1-2: Strikes out swinging
Batting: RHB Jeff Fulbright 0-0: Called Strike
0-1: Ball
1-1: Ball
2-1: Called Strike
2-2: Foul Ball, location: 2F
2-2: Ball
3-2: Base on Balls
Batting: RHB B.J. Johnson 0-0: Foul Ball, location: 2F
0-1: Called Strike
0-2: Ball
1-2: Foul Ball, location: 2F
1-2: Strikes out swinging
Batting: RHB J.C. Madrigal 0-0: Ball
1-0: Ball
2-0: Ball
3-0: Called Strike
3-1: Called Strike
3-2: Foul Ball, location: 2F
3-2: SINGLE (Groundball, 6MD, EV 98.1 MPH)
Jeff Fulbright to second
Jeff Fulbright to third
Batting: LHB Josh Lagana 0-0: Foul Ball, location: 2F
0-1: Called Strike
0-2: Ball
1-2: Ball
2-2: Strikes out swinging
Top of the 3rd over - 0 runs, 1 hit, 0 errors, 2 left on base; Bowling Green 0 - Columbus 6
BOTTOM OF THE 3RD
Columbus Catfish batting - Pitching for Bowling Green Hot Rods : RHP Logan Peterson
Batting: LHB Andrés Peraza 0-0: Ball
1-0: Foul Ball, location: 2F
1-1: Ball
2-1: Ball
3-1: Swinging Strike
3-2: Ground out 6-3 (Groundball, 6, EV 82.5 MPH)
Batting: RHB Donnie McKinney 0-0: Swinging Strike
0-1: Ball
1-1: Ball
2-1: Foul Ball, location: 2F
2-2: Ball
3-2: Fly out, F8 (Flyball, 8RD, EV 89.4 MPH)
Batting: LHB Brooks Goff 0-0: Swinging Strike
0-1: Called Strike
0-2: Strikes out swinging
Bottom of the 3rd over - 0 runs, 0 hits, 0 errors, 0 left on base; Bowling Green 0 - Columbus 6
TOP OF THE 4TH
Bowling Green Hot Rods batting - Pitching for Columbus Catfish : RHP Rusty Montero
Batting: RHB Mike Radkowski 0-0: Ball
1-0: Called Strike
1-1: Fly out, F3 (Popup, 3D, EV 71.2 MPH)
Batting: RHB Josh Dunn 0-0: Ball
1-0: Foul Ball, location: 2F
1-1: Ball
2-1: Foul Ball, location: 2F
2-2: DOUBLE (Line Drive, 7LM, EV 105.6 MPH)
Batting: LHB Jace Jones 0-0: Ball
1-0: Called Strike
1-1: Swinging Strike
1-2: Strikes out swinging, 2-3 out at first.
Batting: SHB Thad Stecher 0-0: Called Strike
0-1: Ball
1-1: Swinging Strike
1-2: Ball
2-2: Strikes out looking
Top of the 4th over - 0 runs, 1 hit, 0 errors, 1 left on base; Bowling Green 0 - Columbus 6
BOTTOM OF THE 4TH
Columbus Catfish batting - Pitching for Bowling Green Hot Rods : RHP Logan Peterson
Batting: SHB Erik Anaya 0-0: Called Strike
0-1: Ball
1-1: Foul Ball, location: 2F
1-2: Fly out, F7 (Flyball, 78M, EV 81.9 MPH)
Batting: RHB Rod Huang 0-0: Ground out 5-3 (Groundball, 56S, EV 86.9 MPH)
Batting: LHB Ted Madison 0-0: Ball
1-0: Swinging Strike
1-1: Foul Ball, location: 2F
1-2: Ball
2-2: Foul Ball, location: 2F
2-2: Ball
3-2: Base on Balls
Batting: RHB Alexis Prieto 0-0: Ball
1-0: Ball
2-0: Swinging Strike
2-1: Foul Ball, location: 2F
2-2: Foul Ball, location: 2F
2-2: Ball
3-2: Foul Ball, location: 2F
3-2: Foul Ball, location: 2F
3-2: DOUBLE (Flyball, 8LD, EV 95.0 MPH)
Ted Madison to third
Ted Madison scores
Pitching: RHP Juan Antonio Pagan
Batting: RHB Andrew Marino 0-0: Ball
1-0: Swinging Strike
1-1: Called Strike
1-2: Ball
2-2: Foul Ball, location: 2F
2-2: Foul Ball, location: 2F
2-2: Foul Ball, location: 2F
2-2: Strikes out swinging
Bottom of the 4th over - 1 run, 1 hit, 0 errors, 1 left on base; Bowling Green 0 - Columbus 7
TOP OF THE 5TH
Bowling Green Hot Rods batting - Pitching for Columbus Catfish : RHP Rusty Montero
Batting: RHB Lon Jennings 0-0: Ball
1-0: Ball
2-0: Called Strike
2-1: Swinging Strike
2-2: Foul Ball, location: 2F
2-2: Foul Ball, location: 2F
2-2: Ball
3-2: Base on Balls
Pitching: RHP Bobby Gomez
Batting: RHB Jeff Fulbright 0-0: Called Strike
0-1: Called Strike
0-2: Foul Ball, location: 2F
0-2: Ball
1-2: Ball
2-2: Fielders Choice at 2nd, 6-4 (Groundball, 56, EV 83.8 MPH)
Batting: RHB B.J. Johnson 0-0: Swinging Strike
0-1: Swinging Strike
0-2: Ball
1-2: Foul Ball, location: 2F
1-2: Strikes out swinging
Batting: RHB J.C. Madrigal 0-0: Called Strike
0-1: Ball
1-1: Fly out, F9 (Line Drive, 9, EV 93.8 MPH)
Top of the 5th over - 0 runs, 0 hits, 0 errors, 1 left on base; Bowling Green 0 - Columbus 7
BOTTOM OF THE 5TH
Columbus Catfish batting - Pitching for Bowling Green Hot Rods : RHP Juan Antonio Pagan
Batting: RHB Jim Howell 0-0: Called Strike
0-1: SOLO HOME RUN (Flyball, 9D, EV 98.1 MPH), Distance : 369 ft
Batting: LHB Andrés Peraza 0-0: Ground out 4-3 (Groundball, 4M, EV 87.5 MPH)
Batting: RHB Donnie McKinney 0-0: Called Strike
0-1: Ball
1-1: Swinging Strike
1-2: SOLO HOME RUN (Flyball, 7D, EV 99.4 MPH), Distance : 388 ft
Batting: LHB Brooks Goff 0-0: Ball
1-0: Ball
2-0: Called Strike
2-1: SINGLE (Flyball, 8LS, EV 98.8 MPH)
Batting: SHB Erik Anaya 0-0: Called Strike
0-1: Ball
1-1: Foul Ball, location: 2F
1-2: Ball
2-2: Strikes out swinging
Batting: RHB Rod Huang 0-0: Called Strike
0-1: Called Strike
0-2: Ball
1-2: Strikes out swinging
Bottom of the 5th over - 2 runs, 3 hits, 0 errors, 1 left on base; Bowling Green 0 - Columbus 9
TOP OF THE 6TH
Bowling Green Hot Rods batting - Pitching for Columbus Catfish : RHP Bobby Gomez
Batting: LHB Josh Lagana 0-0: Ball
1-0: Foul Ball, location: 2F
1-1: Foul Ball, location: 2F
1-2: Strikes out looking
Batting: RHB Mike Radkowski 0-0: Ball
1-0: Ball
2-0: Called Strike
2-1: Foul Ball, location: 2F
2-2: Ball
3-2: DOUBLE (Line Drive, 7LM, EV 100.0 MPH)
Batting: RHB Josh Dunn 0-0: Ball
1-0: Ground out 4-3 (Groundball, 4, EV 88.8 MPH)
Mike Radkowski to third
Batting: LHB Jace Jones 0-0: Ball
1-0: Ball
2-0: Foul Ball, location: 2F
2-1: Fly out, F7 (Flyball, 78XD, EV 103.8 MPH)
Top of the 6th over - 0 runs, 1 hit, 0 errors, 1 left on base; Bowling Green 0 - Columbus 9
BOTTOM OF THE 6TH
Columbus Catfish batting - Pitching for Bowling Green Hot Rods : RHP Juan Antonio Pagan
Batting: LHB Ted Madison 0-0: Ball
1-0: Ball
2-0: Swinging Strike
2-1: Ball
3-1: Swinging Strike
3-2: Strikes out swinging
Batting: RHB Alexis Prieto 0-0: Swinging Strike
0-1: Ball
1-1: Foul Ball, location: 2F
1-2: Strikes out looking
Batting: RHB Andrew Marino 0-0: Foul Ball, location: 2F
0-1: Reached on error, E7 (Line Drive, 7D, EV 91.9 MPH)
Batting: RHB Jim Howell 0-0: Ball
1-0: Fly out, F8 (Flyball, 89D, EV 82.5 MPH)
Bottom of the 6th over - 0 runs, 0 hits, 1 error, 1 left on base; Bowling Green 0 - Columbus 9
TOP OF THE 7TH
Bowling Green Hot Rods batting - Pitching for Columbus Catfish : RHP Bobby Gomez
Batting: SHB Thad Stecher 0-0: Ground out U3 (Groundball, 3, EV 85.0 MPH)
Batting: RHB Lon Jennings 0-0: Ball
1-0: Called Strike
1-1: Ball
2-1: Ground out 5-3 (Groundball, 56S, EV 71.9 MPH)
Batting: RHB Jeff Fulbright 0-0: Called Strike
0-1: Ball
1-1: Foul Ball, location: 2F
1-2: Strikes out swinging
Top of the 7th over - 0 runs, 0 hits, 0 errors, 0 left on base; Bowling Green 0 - Columbus 9
BOTTOM OF THE 7TH
Columbus Catfish batting - Pitching for Bowling Green Hot Rods : RHP Juan Antonio Pagan
Batting: LHB Andrés Peraza 0-0: Foul Ball, location: 2F
0-1: Called Strike
0-2: Ball
1-2: Fly out, F5 (Popup, 25, EV 85.6 MPH)
Pinch Hitting: SHB Justin Liotta 0-0: Ground out U3 (Groundball, 3, EV 108.1 MPH)
Batting: LHB Brooks Goff 0-0: Called Strike
0-1: Foul Ball, location: 2F
0-2: Ball
1-2: Ball
2-2: Ball
3-2: SINGLE (Groundball, 34D, EV 95.6 MPH)
Batting: SHB Erik Anaya 0-0: Ball
1-0: Ball
2-0: Ball
3-0: Base on Balls
Brooks Goff to second
Batting: RHB Rod Huang 0-0: Fly out, F8 (Flyball, 8RS, EV 92.5 MPH)
Bottom of the 7th over - 0 runs, 1 hit, 0 errors, 2 left on base; Bowling Green 0 - Columbus 9
TOP OF THE 8TH
Bowling Green Hot Rods batting - Pitching for Columbus Catfish : RHP Bobby Gomez
Pitching: RHP Rafael Cardeñas
Now at 3B: Justin Liotta
Batting: RHB B.J. Johnson 0-0: Ball
1-0: Called Strike
1-1: Fly out, F8 (Flyball, 8RD, EV 98.1 MPH)
Batting: RHB J.C. Madrigal 0-0: Called Strike
0-1: Ball
1-1: Foul Ball, location: 2F
1-2: Ball
2-2: Ball
3-2: Foul Ball, location: 2F
3-2: Strikes out looking
Batting: LHB Josh Lagana 0-0: Foul Ball, location: 2F
0-1: Ball
1-1: Called Strike
1-2: Ball
2-2: Ball
3-2: Foul Ball, location: 2F
3-2: Strikes out swinging
Top of the 8th over - 0 runs, 0 hits, 0 errors, 0 left on base; Bowling Green 0 - Columbus 9
BOTTOM OF THE 8TH
Columbus Catfish batting - Pitching for Bowling Green Hot Rods : RHP Juan Antonio Pagan
Batting: LHB Ted Madison 0-0: Swinging Strike
0-1: Foul Ball, location: 2F
0-2: Strikes out looking
Pitching: LHP Peter Rousseau
Batting: RHB Alexis Prieto 0-0: Foul Ball, location: 2F
0-1: Foul Ball, location: 2F
0-2: Ball
1-2: Strikes out swinging
Batting: RHB Andrew Marino 0-0: Swinging Strike
0-1: Swinging Strike
0-2: Strikes out swinging
Bottom of the 8th over - 0 runs, 0 hits, 0 errors, 0 left on base; Bowling Green 0 - Columbus 9
TOP OF THE 9TH
Bowling Green Hot Rods batting - Pitching for Columbus Catfish : RHP Rafael Cardeñas
Batting: RHB Mike Radkowski 0-0: Fly out, F8 (Line Drive, 8RD, EV 92.5 MPH)
Pinch Hitting: RHB Cristóbal Guzman 0-0: SINGLE (Line Drive, 56, EV 98.1 MPH)
Batting: LHB Jace Jones 0-0: Ball
1-0: Foul Ball, location: 2F
1-1: Ball
2-1: Ball
3-1: Base on Balls
Cristóbal Guzman to second
Batting: SHB Thad Stecher 0-0: Called Strike
0-1: Foul Ball, location: 2F
0-2: Ball
1-2: Fielders Choice at 2nd, 3-6 (Groundball, 34S, EV 81.2 MPH)
Cristóbal Guzman to third
Batting: RHB Lon Jennings 0-0: Swinging Strike
0-1: Called Strike
0-2: Ball
1-2: Strikes out swinging
Top of the 9th over - 0 runs, 1 hit, 0 errors, 2 left on base; Bowling Green 0 - Columbus 9
Saturday, May 4th , 2024 - OOTP Baseball 24.11 Build 85